AoeStats
← Star

Arena

509646509Analyzed
4v4 RM · 4d ago on Sep 27, 2026· 66m 32s· 8 players
Game mode
Random Map
Map size
Large (8 player)
Population
200
Speed
Normal
Resources
Standard
Victory
Conquest
Starting age
Dark Age
Ending age
Imperial Age
RankedLock teamsTeams togetherTeam positionsShared explorationLock speedFull tech treeHidden civsTurbo modeCheats
Victory
Defeat
🇨🇳 Khmer · China
1032
+13
🇨🇳 Mongols · China
1014
+14
🇨🇳 Teutons · China
987
+15
🇨🇳 Huns · China
949
+16
🇨🇳 Franks · China
1008
-16
🇨🇳 Poles · China
977
-15
🇨🇳 Varangians · China
957
-14
🇨🇳 Bohemians · China
917
-13
XGFC
3:48 Loom
8:54 Feudal Age
8:42 Loom
9:42 Town Watch
10:23 Fletching
11:04 Double-Bit Axe
15:28 Horse Collar
22:11 Castle Age
21:33 Forging
22:01 Scale Mail Armor
22:57 Heavy Plow
23:08 Bow Saw
23:50 Chain Mail Armor
23:24 Pikeman
24:31 Squires
26:16 Iron Casting
27:43 Wheelbarrow
28:20 Scale Barding Armor
29:02 Ironclad
30:18 Arson
30:21 Gambesons
30:56 Hand Cart
35:20 Imperial Age
33:30 Gold Mining
34:12 Padded Archer Armor
34:08 Stone Mining
35:47 Ballistics
35:45 Leather Archer Armor
37:08 Chemistry
37:04 Stone Shaft Mining
37:42 Ring Archer Armor
37:27 Masonry
38:43 Two-Man Saw
38:17 Crop Rotation
39:09 Conscription
40:43 Bodkin Arrow
41:18 Plate Mail Armor
41:49 Blast Furnace
41:28 Siege Engineers
41:09 Halberdier
43:27 Chain Barding Armor
43:22 Fortified Wall
48:20 Crenellations
48:36 Hoardings
52:10 Capped Ram
55:42 Plate Barding Armor
Dominic
10:55 Feudal Age
15:09 Castle Age
15:54 Loom
26:55 Horse Collar
28:20 Double-Bit Axe
29:24 Heavy Plow
31:08 Bloodlines
31:59 Husbandry
32:45 Bow Saw
34:55 Forging
34:51 Scale Barding Armor
37:34 Imperial Age
36:22 Wheelbarrow
35:55 Gold Mining
35:58 Stone Mining
38:29 Chain Barding Armor
38:45 Iron Casting
37:42 Cavalier
39:01 Marauders
39:46 Conscription
40:21 Light Cavalry
46:48 Hussar
50:02 Blast Furnace
49:39 Plate Barding Armor
52:08 Paladin
54:34 Pikeman
58:49 Squires
鸿翔光大
10:25 Feudal Age
12:11 Loom
15:20 Castle Age
13:45 Double-Bit Axe
19:32 Horse Collar
22:17 Wheelbarrow
22:31 Heavy Plow
28:11 Imperial Age
26:17 Bow Saw
26:55 Town Watch
27:29 Hand Cart
29:58 Chemistry
29:06 Heavy Scorpion
35:58 Pikeman
38:45 Double Crossbow
Q力山大一世
10:06 Feudal Age
11:55 Double-Bit Axe
14:21 Castle Age
20:24 Horse Collar
21:31 Fervor
24:09 Wheelbarrow
24:31 Loom
24:32 Town Watch
24:40 Fletching
25:05 Gold Mining
25:38 Hand Cart
26:56 Gold Shaft Mining
29:01 Imperial Age
26:29 Stone Mining
27:11 Bow Saw
27:33 Heavy Plow
28:27 Ballistics
28:53 Stone Shaft Mining
28:18 Bodkin Arrow
28:24 Padded Archer Armor
30:10 Conscription
29:13 Elite Mangudai
29:56 Bracer
30:12 Leather Archer Armor
30:30 Thumb Ring
30:51 Parthian Tactics
32:00 Chemistry
31:30 Bloodlines
31:21 Husbandry
32:01 Scale Barding Armor
32:07 Forging
32:12 Siege Engineers
32:01 Light Cavalry
32:59 Town Patrol
33:32 Chain Barding Armor
33:00 Hussar
35:52 Iron Casting
38:52 Masonry
38:53 Fortified Wall
40:53 Hoardings
40:16 Murder Holes
40:31 Elite Steppe Lancer
43:14 Blast Furnace
43:33 Coinage
47:03 Nomads
47:48 Herbal Medicine
48:48 Banking
63:40 Drill
子薄
11:54 Feudal Age
10:12 Loom
16:03 Castle Age
13:51 Loom
14:44 Double-Bit Axe
17:02 Bow Saw
22:05 Wheelbarrow
27:51 Horse Collar
29:05 Gold Mining
29:19 Heavy Plow
32:00 Imperial Age
31:14 Szlachta Privileges
31:24 Scale Mail Armor
31:35 Forging
32:55 Stone Mining
33:36 Hand Cart
33:04 Cavalier
33:45 Husbandry
33:55 Scale Barding Armor
35:13 Bloodlines
35:25 Chain Barding Armor
35:41 Iron Casting
36:13 Conscription
38:23 Blast Furnace
43:01 Chemistry
42:01 Elite Obuch
48:09 Chain Mail Armor
47:47 Fletching
47:58 Padded Archer Armor
49:30 Elite Skirmisher
50:08 Bodkin Arrow
53:33 Leather Archer Armor
58:00 Bracer
子厚
11:08 Feudal Age
12:49 Loom
15:44 Castle Age
13:56 Double-Bit Axe
16:16 Scale Barding Armor
16:22 Forging
17:02 Bow Saw
26:20 Scale Barding Armor
26:26 Forging
26:10 Gold Mining
29:13 Imperial Age
26:30 Town Watch
27:56 Wheelbarrow
28:29 Coinage
28:22 Chain Barding Armor
29:26 Iron Casting
29:40 Stone Mining
30:26 Gold Shaft Mining
30:32 Hand Cart
30:17 Town Patrol
30:59 Plate Barding Armor
31:50 Chemistry
31:04 Fortified Wall
31:30 Banking
31:56 Cavalier
32:37 Husbandry
31:58 Light Cavalry
35:18 Blast Furnace
35:41 Conscription
36:20 Paladin
43:03 Caravan
44:32 Stone Mining
45:19 Gold Shaft Mining
49:53 Chivalry
53:13 Chemistry
60:54 Murder Holes
Star
8:58 Loom
11:32 Feudal Age
15:53 Double-Bit Axe
21:44 Horse Collar
26:49 Castle Age
27:56 Bow Saw
27:49 Heavy Plow
27:46 Gold Mining
32:18 Wheelbarrow
34:56 Imperial Age
32:49 Forging
32:45 Scale Barding Armor
32:57 Bloodlines
33:07 Husbandry
34:08 Hand Cart
34:43 Iron Casting
36:02 Chain Barding Armor
35:25 Cavalier
38:17 Blast Furnace
37:04 Vendel Legacy
39:41 Plate Barding Armor
52:47 Scale Mail Armor
53:13 Light Cavalry
55:03 Pikeman
55:22 Hussar
55:51 Elite Skirmisher
57:48 Fletching
61:05 Bodkin Arrow
5km
10:19 Feudal Age
14:15 Castle Age
12:28 Horse Collar
14:16 Double-Bit Axe
17:46 Chemistry
19:01 Padded Archer Armor
19:10 Loom
22:37 Bow Saw
27:28 Imperial Age
29:01 Wheelbarrow
29:25 Leather Archer Armor
32:21 Coinage
34:54 Banking
38:07 Elite Skirmisher
39:19 Ring Archer Armor
38:40 Fletching
46:56 Guilds
49:34 Bodkin Arrow
Connection lost

Rejoining the realm…

Still unreachable

The connection could not be restored.

Session expired

The server has moved on; the page needs a fresh start.